 Dungeon Crawl Stone Soup version 0.29.0-11-gd7f09526c8 (webtiles) character file.

Game seed: 7940083692632135690

2735 purpskrrrp the Entrepreneur (level 9, -4/73 HPs)
             Began as a Palentonga Abyssal Knight on Sept 2, 2022.
             Was an Initiate of Gozag.
             Slain by an orc warrior
             ... wielding a +0 halberd
              (16 damage)
             ... on level 7 of the Dungeon.
             The game lasted 00:26:31 (8224 turns).

purpskrrrp the Entrepreneur (PaAK)                  Turns: 8224, Time: 00:26:32

Health: -4/73      AC: 15    Str: 23    XL:     9   Next: 40%
Magic:  13/13      EV: 10    Int: 10    God:    Gozag
Gold:   376        SH:  0    Dex: 11    Spells: 8/8 levels left

rFire   + . .      SeeInvis +   l - +3 flail (drain)
rCold   + . .      Faith    .   (no shield)
rNeg    . . .      Spirit   .   w - +2 robe {rC+ rF+}
rPois   .          Reflect  .   u - +0 helmet
rElec   .          Harm     .   f - +0 cloak
rCorr   .          Rampage  .   (no gloves)
Will    .....                   (no barding)
Stlth   +.........              (no amulet)
HPRegen 0.22/turn               (no ring)
MPRegen 0.13/turn               (no ring)

@: mighty, curled up
A: large, rugged brown scales 3, see invisible, deformed body, roll 1, armoured
tail, reflexive curl, low MP 1
a: Rolling Charge, Renounce Religion, Potion Petition, Call Merchant, Bribe
Branch


You were on level 7 of the Dungeon.
You worshipped Gozag.
Gozag was aware of your devotion.
You visited 1 branch of the dungeon, and saw 7 of its levels.
You visited the Abyss 1 time.

You collected 488 gold pieces.
You paid 112 gold pieces to Gozag.

Inventory:

Hand Weapons
 a - a +1 mace of venom
 e - a +0 flail
 l - a +3 flail of draining (weapon)
Missiles
 z - 2 silver javelins
 A - a curare-tipped dart
Armour
 b - a +0 leather armour
 f - a +0 cloak (worn)
 o - a +0 scale mail
 u - a +0 helmet (worn)
 w - a +2 robe of resistance (worn)
Magical Staves
 t - a staff of earth
Jewellery
 s - a ring of protection from cold
 v - a +6 ring of dexterity
Wands
 h - a wand of light (7)
 j - a wand of flame (19)
 r - a wand of roots (8)
Scrolls
 c - 4 scrolls of silence
 p - 2 scrolls of noise
 y - 2 scrolls of teleportation
Potions
 g - 2 potions of curing
 i - 3 potions of might
 k - 4 potions of flight
 m - a potion of attraction
 n - a potion of cancellation
 q - a potion of lignification {unknown}
 x - a potion of brilliance {unknown}
 B - a potion of ambrosia {unknown}


   Skills:
 + Level 5.6 Fighting
 * Level 7.1 Maces & Flails
 + Level 4.3 Armour
 + Level 4.0 Dodging
 * Level 7.8 Invocations


You had 8 spell levels left.
You didn't know any spells.
Your spell library contained the following spells:

 Spells                   Type           Power      Damage    Failure   Level
 Summon Lightning Spire   Summ/Air       0%         N/A       98%         4
 Storm Form               Tmut/Air       0%         N/A       100%        7
 Maxwell's Capacitive Co  Air            0%         ∞         100%        8


Dungeon Overview and Level Annotations

Branches:
Dungeon (7/15)             Temple (0/1) D:6

Altars:
Cheibriados
Dithmenos
Gozag
Makhleb
Sif Muna
Trog
Wu Jian
Xom

Annotations:
D:5 1 runed translucent door, keekatzer's ghost, novice DgDe


Innate Abilities, Weirdness & Mutations

You are completely covered in rugged brown scales. (AC +3, +7% HP)
You have supernaturally acute eyesight. (SInv)
Armour fits poorly on your strangely shaped body.
You can roll at nearby foes to attack.
You have a long armoured tail.
You curl defensively after being hit. (AC +7*)
Your magical capacity is low. (-10% MP)


Message History

The orc warrior is distracted by your dazzling golden aura.
The orc warrior misses you.
The orc warrior shouts!
You hit the orc warrior but do no damage.
You drain the orc warrior.
The orc warrior is no longer distracted by gold.
The orc warrior is lightly wounded.
The orc is no longer distracted by gold.
The orc warrior hits you with a +0 battleaxe.
The orc warrior barely misses you. The orc closely misses you.
You sock the orc warrior!
The orc warrior is moderately wounded.
The orc warrior closely misses you.
The orc warrior hits you from afar with a +0 halberd!
* * * LOW HITPOINT WARNING * * *
The orc hits you but does no damage.
You hit the orc warrior.
The orc warrior is heavily wounded.
The orc warrior hits you with a +0 battleaxe.
* * * LOW HITPOINT WARNING * * *
The orc warrior hits you from afar with a +0 halberd!
* * * LOW HITPOINT WARNING * * *
The orc hits you but does no damage.
Okay, then.
You feel better. The orc warrior closely misses you.
The orc warrior hits you from afar with a +0 halberd!
* * * LOW HITPOINT WARNING * * *
The orc misses you.
You feel better. The orc warrior barely misses you.
The orc warrior hits you from afar with a +0 halberd!
* * * LOW HITPOINT WARNING * * *
The orc hits you but does no damage.
You feel better.
The orc warrior hits you with a +0 battleaxe.
* * * LOW HITPOINT WARNING * * *
The orc warrior closely misses you. The orc hits you but does no damage.
You feel better. The orc warrior closely misses you.
The orc warrior hits you from afar with a +0 halberd!
You die...
Your body crumbles into a pile of gold.

#...........
#...........
#......<....
#####...........
................
.............# ..
$.....$$o...##...
### #..o@# ...#..
....#..$####o...#.
.......o##.o.#...#
....#......#.o.o.#
......$...#......#
#. #.#....$....###
#.#
#...###...!.####
#?# ##...
###......# #..
..... #....###
#...


You could see 2 orc warriors and an orc.

Vanquished Creatures
  Sigmund (D:4)
  A steam dragon (D:6)
  2 water moccasins
  4 black bears
  2 ogres
  2 centaurs
  2 phantoms
  2 kobold brigands
  4 scorpions (D:6)
  A howler monkey (D:6)
  A gnoll bouda (D:5)
  5 orc priests
  4 hounds
  A jelly (D:6)
  Jessica (D:3)
  Terence (D:3)
  6 iguanas
  5 orc wizards
  Natasha (thrice) (D:3)
  Robin (D:3)
  7 gnolls
  3 adders
  3 shadow imps (D:6)
  3 white imps
  An ufetubus (D:6)
  6 dart slugs
  12 orcs
  7 ball pythons
  4 bats
  9 endoplasms
  2 giant cockroaches
  12 hobgoblins
  A quokka (D:4)
  5 frilled lizards
  18 goblins
  14 kobolds
  3 rats
159 creatures vanquished.

Vanquished Creatures (others)
  A withered plant (D:5)
1 creature vanquished.

Grand Total: 160 creatures vanquished

Notes
Turn   | Place    | Note
-------+----------+-------------------------------------------
     0 | Abyss:1  | purpskrrrp the Palentonga Abyssal Knight began the quest
                  | for the Orb.
     0 | Abyss:1  | Reached XP level 1. HP: 19/19 MP: 2/2
     1 | Abyss:1  | Found a corrupted altar of Lugonu.
    11 | Abyss:1  | Found a corrupted altar of Lugonu.
    61 | Abyss:1  | Found a corrupted altar of Lugonu.
   137 | Abyss:1  | Noticed a starcursed mass
   138 | D:1      | Escaped the Abyss
   575 | D:1      | Reached ** piety under Lugonu
   576 | D:1      | Reached skill level 1 in Dodging
   577 | D:1      | Reached XP level 2. HP: 23/25 MP: 3/3
  1366 | D:1      | Found a faded altar of an unknown god.
  1377 | D:1      | Reached XP level 3. HP: 18/31 MP: 4/4
  1594 | D:1      | Gained mutation: You are dopey. (Int -2) [potion of
                  | mutation]
  1594 | D:1      | Gained mutation: You have hidden genetic potential. [potion
                  | of mutation]
  1594 | D:1      | Gained mutation: You can roll at foes to attack. [potion of
                  | mutation]
  2501 | D:3      | Noticed Jessica
  2501 | D:3      | Found a bloodstained altar of Trog.
  2503 | D:3      | Killed Jessica
  2504 | D:3      | Reached XP level 4. HP: 34/37 MP: 6/6
  2511 | D:3      | Gained mutation: You possess an exceptional clarity of
                  | mind. [hidden potential]
  2523 | D:3      | Lost mutation: You are dopey. (Int -2) [potion of mutation]
  2523 | D:3      | Lost mutation: You can roll at foes to attack. [potion of
                  | mutation]
  2523 | D:3      | Lost mutation: You possess an exceptional clarity of mind.
                  | [potion of mutation]
  2523 | D:3      | Gained mutation: You occasionally lose the ability to drink
                  | potions when taking damage. [potion of mutation]
  2523 | D:3      | Gained mutation: You have a pair of small horns on your
                  | head. [potion of mutation]
  2523 | D:3      | Gained mutation: Your spells are a little easier to cast,
                  | but a little less powerful. [potion of mutation]
  2523 | D:3      | Gained mutation: A frigid envelope surrounds you and
                  | freezes all who hurt you. [potion of mutation]
  2558 | D:3      | Noticed Robin
  2570 | D:3      | Killed Robin
  2575 | D:3      | Reached *** piety under Lugonu
  2767 | D:3      | Found a snail-covered altar of Cheibriados.
  2910 | D:3      | Noticed Terence
  2916 | D:3      | Killed Terence
  2917 | D:3      | Reached XP level 5. HP: 31/43 MP: 7/7
  3202 | D:3      | Noticed Natasha
  3207 | D:3      | Killed Natasha
  3217 | D:3      | Gained mutation: Your flesh is cold resistant. (rC+)
                  | [hidden potential]
  3217 | D:3      | Lost mutation: You have hidden genetic potential. [hidden
                  | potential expressed]
  3297 | D:3      | Noticed Natasha
  3299 | D:3      | Killed Natasha
  3544 | D:3      | Noticed Natasha
  3553 | D:3      | Killed Natasha
  3898 | D:4      | Found a burning altar of Makhleb.
  3956 | D:4      | Noticed an ogre
  3966 | D:4      | Killed an ogre
  3967 | D:4      | Reached XP level 6. HP: 33/51 MP: 7/9
  4288 | D:4      | Noticed Sigmund
  4297 | D:4      | Killed Sigmund
  4298 | D:4      | Reached skill level 5 in Invocations
  4298 | D:4      | Gained mutation: You curl defensively after being hit. (AC
                  | +7*) [Palentonga growth]
  4298 | D:4      | Reached XP level 7. HP: 39/57 MP: 10/10
  4787 | D:4      | Found an ornate altar of the Wu Jian Council.
  4956 | D:5      | Entered Level 5 of the Dungeon
  5038 | D:5      | Reached skill level 5 in Maces & Flails
  5194 | D:5      | Reached XP level 8. HP: 35/65 MP: 12/12
  5512 | D:5      | Reached **** piety under Lugonu
  5744 | D:5      | Found a shadowy altar of Dithmenos.
  5945 | D:5      | Found a runed translucent door.
  5945 | D:5      | Noticed keekatzer's ghost (novice DgDe)
  6292 | D:6      | Reached skill level 5 in Fighting
  6298 | D:6      | Lost mutation: A frigid envelope surrounds you and freezes
                  | all who hurt you. [potion of mutation]
  6298 | D:6      | Lost mutation: You occasionally lose the ability to drink
                  | potions when taking damage. [potion of mutation]
  6298 | D:6      | Lost mutation: Your spells are a little easier to cast, but
                  | a little less powerful. [potion of mutation]
  6298 | D:6      | Gained mutation: You occasionally lose the ability to read
                  | scrolls when taking damage. [potion of mutation]
  6497 | D:6      | Reached XP level 9. HP: 15/72 MP: 14/14
  7179 | D:6      | Found an opulent altar of Gozag.
  7220 | D:6      | Fell from the grace of Lugonu
  7220 | D:6      | Became a worshipper of Gozag Ym Sagoz the Greedy
  7301 | D:6      | Found a shimmering altar of Xom.
  7657 | D:6      | Found a staircase to the Ecumenical Temple.
  7857 | D:6      | Lost mutation: Your flesh is cold resistant. (rC+) [potion
                  | of mutation]
  7857 | D:6      | Lost mutation: You have a pair of small horns on your head.
                  | [potion of mutation]
  7857 | D:6      | Lost mutation: You occasionally lose the ability to read
                  | scrolls when taking damage. [potion of mutation]
  7857 | D:6      | Gained mutation: You are dopey. (Int -2) [potion of
                  | mutation]
  7857 | D:6      | Gained mutation: Your spells are a little easier to cast,
                  | but a little less powerful. [potion of mutation]
  7858 | D:6      | Lost mutation: You are dopey. (Int -2) [potion of mutation]
  7858 | D:6      | Lost mutation: Your spells are a little easier to cast, but
                  | a little less powerful. [potion of mutation]
  7858 | D:6      | Gained mutation: Your magical capacity is low. (-10% MP)
                  | [potion of mutation]
  8077 | D:7      | Found a shimmering blue altar of Sif Muna.
  8224 | D:7      | Slain by an orc warrior

Illustrated notes

Levels and vault maps discovered:
D:1:      giann_wishing_wells, layout_loops_ring,
          hellmonk_ecumenical_altar_prayer_group
D:2:      layout_loops_ring, chequers_serial_rivers_large_a
D:3:      layout_loops_ring, bloody_trog, general_overflow_altar, uniq_robin,
          uniq_terence, uniq_natasha, uniq_jessica
D:4:      layout_loops_cross, nicolae_overflow_hidden_temple,
          nicolae_wu_jian_immortal_techniques, uniq_sigmund
D:5:      layout_loops_cross, lemuel_round_altar, gammafunk_ghost_grave,
          corner_web_ring, cheibrodos_gnoll_hut
D:6:      minmay_recursive_quarters, layout_cave_pools, grunt_gozag_statues,
          mainiacjoe_overflow_24_doors
D:7:      layout_rooms, mainiacjoe_overflow_brackets,
          hangedman_abyss_or_decor_jellyfish_corner

Skill      XL: |  1  2  3  4  5  6  7  8  9 |
---------------+----------------------------+-----
Dodging        | 1 2 3 4 |  4.0
Invocations    | 3 4 5 7 |  7.8
Maces & Flails | 3 4 5 6 7 |  7.1
Armour         | 2 3 4 |  4.3
Fighting       | 4 5 |  5.6

Action                   |  1- 3 |  4- 6 |  7- 9 || total
-------------------------+-------+-------+-------++-------
Melee: Mace              |   108 |    63 |    10 ||   181
       Tailslap          |     8 |     5 |    21 ||    34
       Punch             |     1 |       |     3 ||     4
       Headbutt          |       |     7 |    20 ||    27
       Flail             |       |       |   152 ||   152
Invok: Depart the Abyss  |     1 |       |       ||     1
 Abil: Rolling Charge    |     8 |     4 |    37 ||    49
  Use: Scroll            |     7 |     6 |     2 ||    15
       Potion            |     1 |     2 |    13 ||    16
Armor: Leather armour    |    51 |    11 |       ||    62
       Scale mail        |       |    15 |   111 ||   126
       Robe              |       |       |    11 ||    11
Dodge: Dodged            |    52 |    27 |   104 ||   183
